SL
NEW AMSTERDAM DUTCHMEN @ SEATTLE AVIATORS
08/09/2034
 
TOP OF THE 1ST
New Amsterdam Dutchmen batting - Pitching for Seattle Aviators : RHP Dahab Kanda
Pitching: RHP Dahab Kanda
Batting: RHB James Hemwick 0-0: Ball
1-0: Called Strike
1-1: Ball
2-1: DOUBLE (Line Drive, 9LS)
Batting: LHB Jurg Ursin 0-0: Swinging Strike
0-1: Ball
1-1: Swinging Strike
1-2: Strikes out swinging
Batting: RHB Kyu-cheol Kye 0-0: Ball
1-0: Ball
2-0: Ground out U3 (Groundball, 3)
James Hemwick to third
Batting: LHB Divine Diablo 0-0: Ball
1-0: Foul Ball, location: 2F
1-1: Called Strike
1-2: Ball
2-2: Foul Ball, location: 2F
2-2: Strikes out swinging
Top of the 1st over - 0 runs, 1 hit, 0 errors, 1 left on base; New Amsterdam 0 - Seattle 0
BOTTOM OF THE 1ST
Seattle Aviators batting - Pitching for New Amsterdam Dutchmen : RHP Turner Shamburger
Pitching: RHP Turner Shamburger
Batting: SHB Nuygen Vuong 0-0: Called Strike
0-1: Foul Ball, location: 2F
0-2: Ball
1-2: Fly out, F7 (Flyball, 7LS)
Batting: RHB Lester Kwiatkowski 0-0: Called Strike
0-1: Ball
1-1: Called Strike
1-2: Strikes out swinging
Batting: LHB Kenny Webster 0-0: Called Strike
0-1: Ball
1-1: Foul Ball, location: 2F
1-2: Foul Ball, location: 2F
1-2: Strikes out looking
Bottom of the 1st over - 0 runs, 0 hits, 0 errors, 0 left on base; New Amsterdam 0 - Seattle 0
TOP OF THE 2ND
New Amsterdam Dutchmen batting - Pitching for Seattle Aviators : RHP Dahab Kanda
Batting: LHB José Corona 0-0: Ball
1-0: Called Strike
1-1: Fly out, F5 (Popup, 5S)
Batting: LHB SaQwan Hackett 0-0: Ball
1-0: Fly out, F1 (Line Drive, 13)
Batting: RHB Pablo Ledesma 0-0: Ball
1-0: Ground out 1-3 (Groundball, 13)
Top of the 2nd over - 0 runs, 0 hits, 0 errors, 0 left on base; New Amsterdam 0 - Seattle 0
BOTTOM OF THE 2ND
Seattle Aviators batting - Pitching for New Amsterdam Dutchmen : RHP Turner Shamburger
Batting: LHB Yataro Kodo 0-0: Called Strike
0-1: Ground out 5-3 (Groundball, 5L)
Batting: RHB Arlen Joysey 0-0: Ball
1-0: Ball
2-0: Ball
3-0: Base on Balls
Batting: RHB Walt Miller 0-0: Called Strike
0-1: Ball
1-1: Called Strike
1-2: Ball
2-2: SINGLE (Groundball, 56D)
Arlen Joysey to second
Batting: RHB Albert Zamudio 0-0: Called Strike
0-1: Ball
1-1: Foul Ball, location: 2F
1-2: Fly out, F3 (Popup, 3S)
Batting: LHB Del Truscott 0-0: Called Strike
0-1: Ball
1-1: Ball
2-1: Ball
3-1: Foul Ball, location: 2F
3-2: Foul Ball, location: 2F
3-2: Foul Ball, location: 2F
3-2: Strikes out swinging
Bottom of the 2nd over - 0 runs, 1 hit, 0 errors, 2 left on base; New Amsterdam 0 - Seattle 0
TOP OF THE 3RD
New Amsterdam Dutchmen batting - Pitching for Seattle Aviators : RHP Dahab Kanda
Batting: LHB Carlos Campos 0-0: Ball
1-0: Foul Ball, location: 2F
1-1: Called Strike
1-2: SINGLE (Groundball, 34) (infield hit)
Batting: LHB Takayuki Yoshikawa 0-0: Ball
1-0: Swinging Strike
1-1: Ground out 5-3 (Groundball, 56S)
Carlos Campos to second
Batting: RHB James Hemwick 0-0: Ball
1-0: Called Strike
1-1: Ball
2-1: Ground out 6-3 (Groundball, 6)
Batting: LHB Jurg Ursin 0-0: Called Strike
0-1: Ball
1-1: Swinging Strike
1-2: Strikes out swinging
Top of the 3rd over - 0 runs, 1 hit, 0 errors, 1 left on base; New Amsterdam 0 - Seattle 0
BOTTOM OF THE 3RD
Seattle Aviators batting - Pitching for New Amsterdam Dutchmen : RHP Turner Shamburger
Batting: RHB Tomás Gonzáles 0-0: Ball
1-0: Swinging Strike
1-1: Called Strike
1-2: Foul Ball, location: 2F
1-2: Strikes out swinging
Batting: SHB Nuygen Vuong 0-0: Ball
1-0: Ground out 6-3 (Groundball, 6S)
Batting: RHB Lester Kwiatkowski 0-0: Swinging Strike
0-1: Called Strike
0-2: Strikes out swinging
Bottom of the 3rd over - 0 runs, 0 hits, 0 errors, 0 left on base; New Amsterdam 0 - Seattle 0
TOP OF THE 4TH
New Amsterdam Dutchmen batting - Pitching for Seattle Aviators : RHP Dahab Kanda
Batting: RHB Kyu-cheol Kye 0-0: Fly out, F8 (Flyball, 8LS)
Batting: LHB Divine Diablo 0-0: Ball
1-0: Called Strike
1-1: Swinging Strike
1-2: Hit by Pitch
Batting: LHB José Corona 0-0: SINGLE (Flyball, 9S)
Divine Diablo to second
Runner from 2nd tries for 3rd, SAFE, no throw
Batting: LHB SaQwan Hackett 0-0: Swinging Strike
0-1: Ball
1-1: Called Strike
1-2: Foul Ball, location: 2F
1-2: Ball
2-2: SINGLE (Groundball, 4D)
Divine Diablo scores
José Corona to second
Runner from 2nd tries for 3rd, SAFE, no throw
Batting: RHB Pablo Ledesma 0-0: Ball
1-0: Ball
2-0: Ball
3-0: Called Strike
3-1: Base on Balls
SaQwan Hackett to second
Batting: LHB Carlos Campos 0-0: Ball
1-0: Foul Ball, location: 2F
1-1: Ball
2-1: Called Strike
2-2: Foul Ball, location: 2F
2-2: Foul Ball, location: 2F
2-2: Ball
3-2: Foul Ball, location: 2F
3-2: Fly out, F2 (Popup, 25F)
Batting: LHB Takayuki Yoshikawa 0-0: Ball
1-0: Foul Ball, location: 2F
1-1: Fielders Choice at 2nd, 6-4 (Groundball, 6)
Top of the 4th over - 1 run, 2 hits, 0 errors, 3 left on base; New Amsterdam 1 - Seattle 0
BOTTOM OF THE 4TH
Seattle Aviators batting - Pitching for New Amsterdam Dutchmen : RHP Turner Shamburger
Batting: LHB Kenny Webster 0-0: Called Strike
0-1: Ball
1-1: Swinging Strike
1-2: Strikes out swinging
Batting: LHB Yataro Kodo 0-0: Called Strike
0-1: Ball
1-1: Ball
2-1: Swinging Strike
2-2: Hit by Pitch
Batting: RHB Arlen Joysey 0-0: Foul Ball, location: 2F
0-1: Swinging Strike
0-2: Foul Ball, location: 2F
0-2: Ball
1-2: Foul Ball, location: 2F
1-2: Foul Ball, location: 2F
1-2: Ball
2-2: Fly out, F8 (Flyball, 8LM)
Batting: RHB Walt Miller 0-0: Ball
1-0: Ball
2-0: Called Strike
2-1: Called Strike
2-2: Ball
3-2: SINGLE (Groundball, 34) (infield hit)
Yataro Kodo to second
Batting: RHB Albert Zamudio 0-0: Ball
1-0: Fly out, F9 (Flyball, 89S)
Bottom of the 4th over - 0 runs, 1 hit, 0 errors, 2 left on base; New Amsterdam 1 - Seattle 0
TOP OF THE 5TH
New Amsterdam Dutchmen batting - Pitching for Seattle Aviators : RHP Dahab Kanda
Batting: RHB James Hemwick 0-0: Ball
1-0: Called Strike
1-1: Ball
2-1: Fly out, F6 (Line Drive, 6)
Batting: LHB Jurg Ursin 0-0: Fly out, F8 (Flyball, 8LM)
Batting: RHB Kyu-cheol Kye 0-0: Fly out, F9 (Flyball, 9D)
Top of the 5th over - 0 runs, 0 hits, 0 errors, 0 left on base; New Amsterdam 1 - Seattle 0
BOTTOM OF THE 5TH
Seattle Aviators batting - Pitching for New Amsterdam Dutchmen : RHP Turner Shamburger
Batting: LHB Del Truscott 0-0: Ground out 1-3 (Groundball, 13)
Batting: RHB Tomás Gonzáles 0-0: Ball
1-0: Hit by Pitch
Batting: SHB Nuygen Vuong 0-0: Ball
1-0: Called Strike
1-1: Ball
2-1: Fly out, F8 (Flyball, 8RM)
Batting: RHB Lester Kwiatkowski 0-0: Ball
1-0: Ball
2-0: Swinging Strike
2-1: Ball
3-1: Called Strike
3-2: Base on Balls
Tomás Gonzáles to second
Batting: LHB Kenny Webster 0-0: Swinging Strike
0-1: Foul Ball, location: 2F
0-2: SINGLE (Groundball, 6MD)
Tomás Gonzáles to third
Lester Kwiatkowski to second
Runner from 3rd tries for Home, SAFE, no throw
Batting: LHB Yataro Kodo 0-0: Ball
1-0: Ball
2-0: Ball
3-0: Foul Ball, location: 2F
3-1: Foul Ball, location: 2F
3-2: Fly out, F8 (Flyball, 78M)
Bottom of the 5th over - 1 run, 1 hit, 0 errors, 2 left on base; New Amsterdam 1 - Seattle 1
TOP OF THE 6TH
New Amsterdam Dutchmen batting - Pitching for Seattle Aviators : RHP Dahab Kanda
Batting: LHB Divine Diablo 0-0: Ball
1-0: Ball
2-0: Ball
3-0: Foul Ball, location: 2F
3-1: Base on Balls
Batting: LHB José Corona 0-0: Ball
1-0: Called Strike
1-1: DOUBLE (Line Drive, 89XD)
Divine Diablo to third
Batting: LHB SaQwan Hackett 0-0: Intentional Walk
Batting: RHB Pablo Ledesma 0-0: Called Strike
0-1: Ball
1-1: Ball
2-1: Swinging Strike
2-2: Foul Ball, location: 2F
2-2: Foul Ball, location: 2F
2-2: Strikes out swinging
Batting: LHB Carlos Campos 0-0: Called Strike
0-1: Foul Ball, location: 2F
0-2: Ball
1-2: Ball
2-2: Foul Ball, location: 2F
2-2: Ball
3-2: SINGLE (Groundball, 4MD)
Divine Diablo scores
José Corona to third
SaQwan Hackett to second
Runner from 3rd tries for Home, SAFE, no throw
Batting: LHB Takayuki Yoshikawa 0-0: Called Strike
0-1: Ball
1-1: Ball
2-1: Foul Ball, location: 2F
2-2: Ball
3-2: Foul Ball, location: 2F
3-2: Ground out 3-1 (Groundball, 34S)
SaQwan Hackett to third
Carlos Campos to second
Batting: RHB James Hemwick 0-0: Called Strike
0-1: Called Strike
0-2: Foul Ball, location: 2F
0-2: Ball
1-2: Ground out 1-3 (Groundball, 15S)
Top of the 6th over - 2 runs, 2 hits, 0 errors, 2 left on base; New Amsterdam 3 - Seattle 1
BOTTOM OF THE 6TH
Seattle Aviators batting - Pitching for New Amsterdam Dutchmen : RHP Turner Shamburger
Batting: RHB Arlen Joysey 0-0: Swinging Strike
0-1: Ball
1-1: Swinging Strike
1-2: Strikes out swinging
Batting: RHB Walt Miller 0-0: Called Strike
0-1: Foul Ball, location: 2F
0-2: DOUBLE (Line Drive, 8RXD)
Batting: RHB Albert Zamudio 0-0: Foul Ball, location: 2F
0-1: Ball
1-1: Ball
2-1: Foul Ball, location: 2F
2-2: Foul Ball, location: 2F
2-2: Ground out 4-3 (Groundball, 4)
Walt Miller to third
Batting: LHB Del Truscott 0-0: Ball
1-0: Ball
2-0: 2-RUN HOME RUN (Flyball, 9LD), Distance : 335 ft
Batting: RHB Tomás Gonzáles 0-0: SINGLE (Line Drive, 4MD)
Batting: SHB Nuygen Vuong 0-0: Ball
1-0: Ground out 6-3 (Groundball, 6M)
Bottom of the 6th over - 2 runs, 3 hits, 0 errors, 1 left on base; New Amsterdam 3 - Seattle 3
TOP OF THE 7TH
New Amsterdam Dutchmen batting - Pitching for Seattle Aviators : RHP Dahab Kanda
Batting: LHB Jurg Ursin 0-0: Ball
1-0: Ball
2-0: Ball
3-0: Base on Balls
Pitching: RHP Miguel Cervantes
Batting: RHB Kyu-cheol Kye 0-0: Called Strike
0-1: Ball
1-1: Foul Ball, location: 2F
1-2: Ball
2-2: Fly out, F9 (Flyball, 9D)
Batting: LHB Divine Diablo 0-0: Called Strike
0-1: Ball
1-1: Ball
2-1: Called Strike
2-2: Strikes out swinging
Batting: LHB José Corona 0-0: Called Strike
0-1: Ball
1-1: Ball
Jurg Ursin steals 2nd base
2-1: Intentional Walk
Batting: LHB SaQwan Hackett 0-0: Swinging Strike
0-1: Foul Ball, location: 2F
0-2: Strikes out swinging
Top of the 7th over - 0 runs, 0 hits, 0 errors, 2 left on base; New Amsterdam 3 - Seattle 3
BOTTOM OF THE 7TH
Seattle Aviators batting - Pitching for New Amsterdam Dutchmen : RHP Turner Shamburger
Batting: RHB Lester Kwiatkowski 0-0: Ball
1-0: Ball
2-0: Called Strike
2-1: Ground out 4-3 (Groundball, 4)
Batting: LHB Kenny Webster 0-0: Ball
1-0: Ground out 5-3 (Groundball, 6)
Batting: LHB Yataro Kodo 0-0: Called Strike
0-1: Fly out, F9 (Flyball, 9)
Bottom of the 7th over - 0 runs, 0 hits, 0 errors, 0 left on base; New Amsterdam 3 - Seattle 3
TOP OF THE 8TH
New Amsterdam Dutchmen batting - Pitching for Seattle Aviators : RHP Miguel Cervantes
Batting: RHB Pablo Ledesma 0-0: Foul Ball, location: 2F
0-1: Ball
1-1: Ball
2-1: Swinging Strike
2-2: Ground out 6-3 (Groundball, 6)
Batting: LHB Carlos Campos 0-0: Called Strike
0-1: Ball
1-1: SINGLE (Groundball, 34S) (infield hit)
Pinch Runner at 1st Heherson Inaris:
Batting: LHB Takayuki Yoshikawa 0-0: Called Strike
0-1: Ball
1-1: Ball
2-1: Swinging Strike
2-2: Strikes out swinging
Heherson Inaris steals 2nd base
Batter strikes out.
Batting: RHB James Hemwick 0-0: Foul Ball, location: 2F
0-1: Called Strike
0-2: Ball
1-2: Strikes out looking
Top of the 8th over - 0 runs, 1 hit, 0 errors, 1 left on base; New Amsterdam 3 - Seattle 3
BOTTOM OF THE 8TH
Seattle Aviators batting - Pitching for New Amsterdam Dutchmen : RHP Turner Shamburger
Now at SS: Ricardo Pulido
Batting: RHB Arlen Joysey 0-0: Ball
1-0: Foul Ball, location: 2F
1-1: Foul Ball, location: 2F
1-2: Strikes out swinging
Batting: RHB Walt Miller 0-0: Ball
1-0: Called Strike
1-1: Fly out, F6 (Line Drive, 6)
Batting: RHB Albert Zamudio 0-0: Ball
1-0: Ball
2-0: Called Strike
2-1: Foul Ball, location: 2F
2-2: Ball
3-2: Strikes out swinging
Bottom of the 8th over - 0 runs, 0 hits, 0 errors, 0 left on base; New Amsterdam 3 - Seattle 3
TOP OF THE 9TH
New Amsterdam Dutchmen batting - Pitching for Seattle Aviators : RHP Miguel Cervantes
Pitching: LHP Holden Rosen Grupp
Pinch Hitting: RHB Kyle Vandenbrink 0-0: Ball
1-0: Swinging Strike
1-1: Ball
2-1: Swinging Strike
2-2: Strikes out swinging
Batting: RHB Kyu-cheol Kye 0-0: Ball
1-0: Swinging Strike
1-1: Ball
2-1: DOUBLE (Line Drive, 78D)
Batting: LHB Divine Diablo 0-0: Swinging Strike
0-1: Ball
1-1: Fly out, F9 (Flyball, 89D)
Runner from 2nd tags up, SAFE at 3rd, no throw
Batting: LHB José Corona 0-0: Intentional Walk
Batting: LHB SaQwan Hackett 0-0: Called Strike
0-1: Called Strike
0-2: Strikes out swinging
Top of the 9th over - 0 runs, 1 hit, 0 errors, 2 left on base; New Amsterdam 3 - Seattle 3
BOTTOM OF THE 9TH
Seattle Aviators batting - Pitching for New Amsterdam Dutchmen : RHP Turner Shamburger
Now in LF: Kyle Vandenbrink
Pinch Hitting: SHB Paul Wite 0-0: Called Strike
0-1: Fly out, F7 (Flyball, 7LSF)
Batting: RHB Tomás Gonzáles 0-0: Ball
1-0: Called Strike
1-1: Ball
2-1: Fly out, F7 (Line Drive, 78M)
Batting: SHB Nuygen Vuong 0-0: Ball
1-0: Foul Ball, location: 2F
1-1: Ball
2-1: Foul Ball, location: 2F
2-2: Foul Ball, location: 2F
2-2: Ball
3-2: SINGLE (Line Drive, 9LS)
Pitching: RHP Orynn Veillon
Batting: RHB Lester Kwiatkowski 0-0: Ball
1-0: Ball
2-0: Ball
3-0: Called Strike
3-1: Base on Balls
Nuygen Vuong to second
Batting: LHB Kenny Webster 0-0: Called Strike
0-1: Ball
1-1: Ball
2-1: Ball
3-1: Ground out 6-3 (Groundball, 6MD)
Bottom of the 9th over - 0 runs, 1 hit, 0 errors, 2 left on base; New Amsterdam 3 - Seattle 3
TOP OF THE 10TH
New Amsterdam Dutchmen batting - Pitching for Seattle Aviators : LHP Holden Rosen Grupp
Now at 2B: Paul Wite
Batting: RHB Pablo Ledesma 0-0: Called Strike
0-1: Ball
1-1: Swinging Strike
1-2: Ball
2-2: Fly out, F8 (Line Drive, 8RM)
Batting: RHB Ricardo Pulido 0-0: Foul Ball, location: 2F
0-1: Foul Ball, location: 2F
0-2: Ball
1-2: Ball
2-2: Ball
3-2: Base on Balls
Pitching: RHP Zach Rediker
Batting: LHB Takayuki Yoshikawa 0-0: Ball
1-0: Ball
2-0: Ball
3-0: Called Strike
3-1: Foul Ball, location: 2F
3-2: SINGLE (Groundball, 3L) (infield hit)
Ricardo Pulido to second
Batting: RHB James Hemwick 0-0: Called Strike
0-1: Ball
1-1: Ball
2-1: Swinging Strike
2-2: Strikes out swinging
Batting: RHB Kyle Vandenbrink 0-0: Ball
1-0: Swinging Strike
1-1: Fly out, F6 (Popup, 6)
Top of the 10th over - 0 runs, 1 hit, 0 errors, 2 left on base; New Amsterdam 3 - Seattle 3
BOTTOM OF THE 10TH
Seattle Aviators batting - Pitching for New Amsterdam Dutchmen : RHP Orynn Veillon
Pitching: RHP Nelle Liefting
Batting: LHB Yataro Kodo 0-0: Hit by Pitch
Pinch Runner at 1st Alfredo Méndez:
Batting: RHB Arlen Joysey 0-0: Ball
1-0: Ball
2-0: Ball
3-0: Base on Balls
Alfredo Méndez to second
Batting: RHB Walt Miller 0-0: Called Strike
0-1: Bunt missed!
0-2: Ball
1-2: Foul Ball, location: 2F
1-2: Ball
2-2: Ball
3-2: Foul Ball, location: 2F
3-2: Base on Balls
Alfredo Méndez to third
Arlen Joysey to second
Batting: RHB Albert Zamudio 0-0: Swinging Strike
0-1: Foul Ball, location: 2F
0-2: Grounds into fielders choice 5-2 (Groundball, 5)
Arlen Joysey to third
Walt Miller to second
Batting: SHB Paul Wite 0-0: Foul Ball, location: 2F
0-1: Ball
1-1: Ball
2-1: SINGLE (Flyball, 7LM)
Arlen Joysey scores
Friday, March 29th, 2019 - OOTP Baseball 18.8 Build 76